 Dungeon Crawl Stone Soup version 0.28.0 (webtiles) character file.

Game seed: 2190861982905565784

347 Sanktem7 the Slasher (level 6, -3/56 HPs)
             Began as a Minotaur Fighter on Feb 9, 2022.
             Was an Initiate of Okawaru.
             Killed from afar by an acid dragon (8 damage)
             ... with a splash of acid
             ... on level 5 of the Dungeon.
             The game lasted 00:06:59 (4106 turns).

Sanktem7 the Slasher (Minotaur Fighter)             Turns: 4106, Time: 00:07:01

Health: -3/56      AC:  5    Str: 23    XL:     6   Next: 33%
Magic:  5/5        EV:  9    Int:  5    God:    Okawaru [......]
Gold:   208        SH:  4    Dex:  9    Spells: 5/5 levels left

rFire   x . .      SeeInvis .   a - +0 long sword
rCold   + . .      Faith    .   c - +0 buckler
rNeg    . . .      Spirit   .   b - +0 scale mail
rPois   .          Reflect  .   (helmet restricted)
rElec   .          Harm     .   (no cloak)
rCorr   .          Rampage  .   t - +0 pair of gloves
Will    .....                   f - +0 pair of boots
Stlth   ..........              s - amulet of the acrobat
HPRegen 0.18/turn               m - ring of ice
MPRegen 0.09/turn               (no ring)

@: corroded
A: horns 2, retaliatory headbutt
a: Renounce Religion


You were on level 5 of the Dungeon.
You worshipped Okawaru.
Okawaru was noncommittal.
You visited 1 branch of the dungeon, and saw 5 of its levels.

You collected 208 gold pieces.

Inventory:

Hand Weapons
 a - a +0 long sword (weapon)
Missiles
 u - 5 boomerangs (quivered)
Armour
 b - a +0 scale mail (worn)
 c - a +0 buckler (worn)
 f - a +0 pair of boots (worn)
 t - a +0 pair of gloves (worn)
Jewellery
 m - a ring of ice (left hand)
 s - an amulet of the acrobat (around neck)
Scrolls
 e - 3 scrolls of fear
 g - 2 scrolls of vulnerability
 h - 4 scrolls of noise
 k - 2 scrolls of teleportation
 q - 2 scrolls of enchant armour {unknown}
Potions
 d - a potion of might
 i - 2 potions of heal wounds {unknown}
 j - 3 potions of brilliance {unknown}
 l - 2 potions of haste {unknown}
 n - a potion of magic {unknown}
 o - a potion of lignification {unknown}
 p - 3 potions of curing {unknown}


   Skills:
 * Level 5.3 Fighting
 * Level 5.9 Long Blades
 * Level 5.3 Armour
 + Level 0.2 Dodging
 - Level 0.1 Stealth
 - Level 3.6 Shields


You had 5 spell levels left.
You didn't know any spells.
Your spell library contained the following spells:

 Spells                   Type           Power      Damage    Failure   Level
 Sandblast                Erth           0%         2d4       86%         1
 Passwall                 Tmut/Erth      0%         N/A       94%         2
 Ignite Poison            Fire/Tmut/Pois 0%         N/A       99%         3
 Mephitic Cloud           Conj/Pois/Air  0%         N/A       99%         3
 Stone Arrow              Conj/Erth      0%         3d7       99%         3
 Freezing Cloud           Conj/Ice/Air   0%         6-21      100%        5


Dungeon Overview and Level Annotations

Branches:
Dungeon (5/15)             Temple (0/1) D:4

Altars:
Ashenzari
Okawaru
Ru
Sif Muna
Trog
Yredelemnul


Innate Abilities, Weirdness & Mutations

You have a pair of horns on your head.
You reflexively headbutt those who attack you in melee.


Message History

The white imp is lightly wounded.
The white imp gestures at you. The puff of frost hits you. You resist.
You throw a boomerang.
The boomerang hits the white imp but does no damage.
The white imp is lightly wounded.
The white imp gestures at you. The puff of frost hits you. You resist.
The acid dragon spits acid at you. The splash of acid hits you!!
The white imp gestures at you. The puff of frost hits you. You resist.
You hit the white imp but do no damage. Your headbutt misses the white imp.
The white imp hits you.
* * * LOW HITPOINT WARNING * * *
The white imp freezes you. You resist.
* * * LOW HITPOINT WARNING * * *
You closely miss the acid dragon. The acid dragon bites you.
* * * LOW HITPOINT WARNING * * *
The acid dragon barely misses you. The white imp hits you.
* * * LOW HITPOINT WARNING * * *
The white imp freezes you. You resist.
* * * LOW HITPOINT WARNING * * *
You hit the acid dragon but do no damage.
You headbutt the acid dragon.
The acid dragon is lightly wounded.
The acid dragon bites you.
* * * LOW HITPOINT WARNING * * *
The acid dragon claws you.
* * * LOW HITPOINT WARNING * * *
The white imp barely misses you.
You closely miss the acid dragon.
The acid dragon is lightly wounded.
The acid dragon closely misses you. You block the acid dragon's attack.
The white imp hits you but does no damage.
You hit the acid dragon but do no damage.
The acid dragon is lightly wounded.
The acid dragon spits acid at you. The splash of acid hits you!
You die...

....... ......#.#
#.....#.. . . #.....
.###....
#...D##.#...... #.
#....#....#....
#..###.)..#... .....
#.......###.##.....)
........5@..<...#
###.....D....##...#
#.....?........<..
#...$..###.#### .
######.. ..# #######


You could see an acid dragon (catching breath) and a white imp.

Vanquished Creatures
  A necrophage (D:4)
  A water moccasin zombie (D:3)
  A hound skeleton (D:4)
  A gnoll (D:1)
  10 adders
  2 worms (D:3)
  4 orcs
  5 endoplasms
  4 giant cockroaches
  7 goblins
  8 hobgoblins
  2 jackals (D:4)
  8 kobolds
  6 quokkas
  10 ball pythons
  4 bats
  7 frilled lizards
  7 rats
88 creatures vanquished.

Notes
Turn   | Place    | Note
-------+----------+-------------------------------------------
     0 | D:1      | Sanktem7 the Minotaur Fighter began the quest for the Orb.
     0 | D:1      | Reached XP level 1. HP: 19/19 MP: 0/0
   160 | D:1      | Found a faded altar of an unknown god.
   192 | D:1      | Reached XP level 2. HP: 24/27 MP: 1/1
   607 | D:1      | Reached XP level 3. HP: 33/34 MP: 2/2
  1862 | D:3      | Reached XP level 4. HP: 39/41 MP: 3/3
  1864 | D:3      | Found a sacrificial altar of Ru.
  1880 | D:3      | Found a basalt altar of Yredelemnul.
  1899 | D:3      | Found a shimmering blue altar of Sif Muna.
  2413 | D:3      | Reached skill level 5 in Fighting
  2413 | D:3      | Reached XP level 5. HP: 31/48 MP: 4/4
  2577 | D:3      | Found a broken altar of Ashenzari.
  2988 | D:3      | Found an iron altar of Okawaru.
  3181 | D:3      | Became a worshipper of Warmaster Okawaru
  3288 | D:4      | Reached skill level 5 in Armour
  3407 | D:4      | Found a staircase to the Ecumenical Temple.
  3428 | D:4      | Reached skill level 5 in Long Blades
  3550 | D:4      | Noticed a necrophage
  3557 | D:4      | Killed a necrophage
  3558 | D:4      | Reached XP level 6. HP: 48/56 MP: 5/5
  3828 | D:4      | Found a bloodstained altar of Trog.
  4086 | D:5      | Entered Level 5 of the Dungeon
  4093 | D:5      | Noticed an acid dragon
  4106 | D:5      | Killed from afar by an acid dragon

Illustrated notes

Levels and vault maps discovered:
D:1:      ncdulo_halloftheorcs, layout_basic, chequers_ecumenical_altar_island
D:2:      layout_basic, minmay_misc_feat_tower
D:3:      layout_basic, nicolae_ru_sacrificial_ziggurat,
          mainiacjoe_overflow_24_doors, ashenzari_altar_1,
          mainiacjoe_overflow_catwalk_spiral, hex_large
D:4:      layout_cave_pods, trog_three_pillars_becter, minmay_temple_entry_glass
D:5:      minmay_polygon_palace, layout_basic, uniq_prince_ribbit1

Skill      XL: |  1  2  3  4  5 |
---------------+----------------+-----
Fighting       | 4 5 |  5.3
Armour         | 4 5 |  5.3
Long Blades    | 3 4 5 |  5.9
Dodging        | |  0.2
Stealth        | |  0.1
Shields        | |  3.6

Action                   |  1- 3 |  4- 6 || total
-------------------------+-------+-------++-------
Melee: Long sword        |   104 |   115 ||   219
       Headbutt          |    11 |    16 ||    27
Throw: Boomerang         |       |     3 ||     3
  Use: Scroll            |     3 |     1 ||     4
Armor: Scale mail        |    42 |    52 ||    94
Dodge: Dodged            |    59 |    51 ||   110
Block: Buckler           |    22 |    22 ||    44
